 Dungeon Crawl Stone Soup version 0.15-a0-1363-g87d8b17 (webtiles) character file.

2535 Chiseanne the Nimble (level 9, -1/57 HPs)
             Began as a Kobold Monk on June 9, 2014.
             Was an Initiate of Gozag.
             Slain by a yak (8 damage)
             ... while paralysed by a potion of paralysis
             ... on Level 5 of the Dungeon.
             The game lasted 00:24:51 (7257 turns).

Chiseanne the Nimble (Kobold Monk)                  Turns: 7257, Time: 00:24:52

HP  -1/57        AC 11     Str 13      XL: 9   Next: 85%
MP   9/9         EV  3     Int  8      God: Gozag
Gold 826         SH  0     Dex 21      Spells:  0 memorised,  8 levels left

rFire  . . .     SeeInvis .     a - +4 whip (venom)
rCold  . . .     Clarity  .     n - +0 chain mail
rNeg   . . .     rCorr    .     (no shield)
rPois  .         rRot     .     (no helmet)
rElec  .         Spirit   .     (no cloak)
SustAb .         Warding  .     (no gloves)
rMut   .         Stasis   .     (no boots)
Gourm  .                        (no amulet)
MR     .....                    w - +3 ring of dexterity
                                h - +2 ring of protection

@: paralysed, not resistant to hostile enchantments, extremely unstealthy
A: carnivore 3
a: Potion Petition, Call Merchant, Bribe Branch, Renounce Religion


You were on level 5 of the Dungeon.
You worshipped Gozag.
Gozag was noncommittal.
You were very hungry.

You visited 1 branch of the dungeon, and saw 6 of its levels.

You collected 826 gold pieces.

Inventory:

Hand weapons
 a - a +4,+4 whip of venom (weapon)
 e - a +1,+0 broad axe of electrocution
 q - a +0,+0 war axe of flaming
 s - a +0,+2 whip of holy wrath
 v - a +0 blowgun
Missiles
 o - 11 poisoned needles
 A - 5 tomahawks (quivered)
Armour
 n - a +0 chain mail (worn)
Magical devices
 D - a wand of digging (13)
 E - a wand of random effects (5)
Comestibles
 b - 6 meat rations
 g - a royal jelly
 k - 2 beef jerkies
Scrolls
 c - 4 scrolls of identify
 r - 5 scrolls of remove curse
 u - 2 scrolls of teleportation
Jewellery
 h - a +2 ring of protection (left hand)
 p - an uncursed amulet of stasis
 t - an uncursed ring of flight
 w - a +3 ring of dexterity (right hand)
Potions
 d - a potion of lignification
 j - a potion of brilliance {unknown}
 l - 2 potions of restore abilities {unknown}
 m - 2 potions of agility {unknown}
 x - a potion of invisibility {unknown}
 z - a potion of mutation {unknown}
 B - a potion of resistance {unknown}


   Skills:
 * Level 7.1 Fighting
 * Level 2.3 Axes
 * Level 5.5 Maces & Flails
 * Level 4.9 Armour
 * Level 9.4 Dodging
 - Level 2.6 Stealth
 - Level 4.0 Unarmed Combat


You had 8 spell levels left.
You didn't know any spells.

Dungeon Overview and Level Annotations

Branches:
Dungeon (6/15)
 Temple: D:4-7

Altars:
Cheibriados
Fedhas
Gozag
Qazlal
Yredelemnul
The Shining One


Innate Abilities, Weirdness & Mutations

You are small and have problems with some larger weapons.
You are carnivorous and can eat meat at any time.


Message History

The yak gores you! The yak gores you but does no damage.
You kill the yak!
The worker ant bites you.
The worker ant bites you but does no damage.
The yak is distracted by the nearby gold.
The yak is no longer distracted by gold.
The worker ant waves its antennae.
You hit the yak.
The yak is poisoned.
The yak is lightly wounded.
The yak gores you.
Drink which item? (? for menu, Esc to quit)
You suddenly lose the ability to move!
It was a potion of paralysis.
The yak gores you! The yak gores you!
* * * LOW HITPOINT WARNING * * *
The yak barely misses you. The yak gores you!
You die...
Your body crumbles into a pile of gold.

#.#..##'###.##.###.
#.#.##..#####..#.'.
#.#.#....#..$....#.
#...#....#...#####.
##..##..##...# #.
#Y..####....# #.
#a#...Y..#.## #.
#Y#######..# #. #@#
#..## #. #.# #.##
## #.######.##
#.........#
######....####
#.......#####
#....##<.....
#....#######.
#....# ##


You could see 2 yaks and a worker ant.

Vanquished Creatures
  Prince Ribbit (D:6)
  A yak (D:5)
  2 sky beasts (D:5)
  An orc warrior (D:5)
  3 centaurs (D:5)
  5 ogres
  Blork the orc (D:6)
  A scorpion (D:4)
  3 wights (D:6)
  A hippogriff zombie (D:5)
  2 jellies
  A crimson imp (D:6)
  A giant frog zombie (D:6)
  7 orc priests
  A hound (D:5)
  4 worker ants
  Natasha (twice) (D:6)
  5 orc wizards (D:5)
  7 adders
  9 gnolls
  2 shadow imps (D:5)
  2 giant mites
  An inept item mimic (D:2)
  3 worms
  An iguana zombie (D:6)
  5 giant geckos
  An ooze (D:1)
  16 orcs
  A ball python (D:4)
  A bat zombie (D:5)
  3 giant cockroaches
  17 goblins
  14 hobgoblins
  5 jackals
  15 kobolds
  3 quokkas
  14 bats
  5 giant newts
  A giant newt skeleton (D:4)
  An orc zombie (D:5)
  9 rats
178 creatures vanquished.

Notes
Turn   | Place    | Note
--------------------------------------------------------------
     0 | D:1      | Chiseanne, the Kobold Monk, began the quest for the Orb.
     0 | D:1      | Reached XP level 1. HP: 14/14 MP: 1/1
   501 | D:1      | Reached XP level 2. HP: 12/19 MP: 2/2
   955 | D:1      | Reached XP level 3. HP: 22/24 MP: 3/3
  1142 | D:1      | Reached skill level 1 in Armour
  1761 | D:2      | Reached XP level 4. HP: 29/29 MP: 4/4
  1955 | D:2      | Found a snail-covered altar of Cheibriados.
  1955 | D:2      | Found a stormy altar of Qazlal.
  2803 | D:3      | Reached XP level 5. HP: 30/34 MP: 5/5
  2893 | D:3      | Found a blossoming altar of Fedhas.
  2910 | D:3      | Found an opulent altar of Gozag.
  2920 | D:3      | Became a worshipper of Gozag Ym Sagoz the Greedy
  2952 | D:3      | Reached skill level 5 in Dodging
  3462 | D:4      | Reached skill level 1 in Maces & Flails
  3711 | D:4      | Reached XP level 6. HP: 13/39 MP: 6/6
  4310 | D:4      | Found a glowing golden altar of the Shining One.
  4343 | D:4      | Reached skill level 5 in Fighting
  4362 | D:4      | Reached XP level 7. HP: 35/44 MP: 7/7
  4554 | D:4      | Reached skill level 6 in Dodging
  4812 | D:5      | Entered Level 5 of the Dungeon
  4956 | D:5      | Reached XP level 8. HP: 46/50 MP: 8/8
  4985 | D:5      | Reached skill level 7 in Dodging
  5326 | D:5      | Found a basalt altar of Yredelemnul.
  5610 | D:5      | Reached skill level 8 in Dodging
  5610 | D:5      | Reached XP level 9. HP: 40/55 MP: 9/9
  5796 | D:6      | Noticed Blork the orc
  6234 | D:6      | Noticed Prince Ribbit
  6246 | D:6      | Killed Prince Ribbit
  6246 | D:6      | Reached skill level 1 in Axes
  6246 | D:6      | Reached skill level 5 in Maces & Flails
  6372 | D:6      | Noticed Natasha
  6383 | D:6      | Killed Natasha
  6389 | D:6      | Noticed Natasha
  6397 | D:6      | Killed Natasha
  6397 | D:6      | Reached skill level 9 in Dodging
  6471 | D:6      | Killed Blork the orc
  7254 | D:5      | Paralysed by a potion of paralysis for 7 turns
  7257 | D:5      | Slain by a yak

Action                   |  1- 3 |  4- 6 |  7- 9 || total
-------------------------+-------+-------+-------++-------
Melee: Unarmed           |    76 |       |       ||    76
       Whip              |    37 |   197 |   333 ||   567
Evoke: Wand              |       |     2 |     6 ||     8
  Use: Scroll            |       |    17 |     8 ||    25
       Potion            |       |     2 |     8 ||    10
 Stab: Sleeping          |     1 |     1 |     1 ||     3
       Distracted        |       |     2 |     1 ||     3
